 Dungeon Crawl Stone Soup version 0.28.0-53-g5a82cb258f (webtiles) character file.

Game seed: 3844429691177035285

53 buhh the Sneak (level 4, 0/28 HPs)
             Began as a Kobold Brigand on June 17, 2022.
             Slain by a gnoll
             ... wielding a +0 spear
              (6 damage)
             ... on level 3 of the Dungeon.
             The game lasted 00:05:29 (2585 turns).

buhh the Sneak (Kobold Brigand)                     Turns: 2585, Time: 00:05:30

Health: 0/28       AC:  3    Str:  6 (8)  XL:     4   Next: 11%
Magic:  4/4        EV: 14    Int:  9 (12) God:
Gold:   53         SH:  0    Dex: 17 (18) Spells: 3/3 levels left

rFire   . . .      SeeInvis .   a - +2 dagger
rCold   . . .      Faith    .   (no shield)
rNeg    . . .      Spirit   .   b - +0 robe
rPois   .          Reflect  .   (no helmet)
rElec   .          Harm     .   c - +0 cloak
rCorr   .          Rampage  .   (no gloves)
Will    .....                   (no boots)
Stlth   ++++......              (no amulet)
HPRegen 0.09/turn               (no ring)
MPRegen 0.09/turn               (no ring)

@: no status effects
A: small, no large weapons, nightstalker 3
a: no special abilities


You were on level 3 of the Dungeon.
You visited 1 branch of the dungeon, and saw 3 of its levels.

You collected 53 gold pieces.

Inventory:

Hand Weapons
 a - a +2 dagger (weapon)
Missiles
 d - 9 poisoned darts (quivered)
 e - 2 curare-tipped darts
 k - a throwing net {!f}
Armour
 b - a +0 robe (worn)
 c - a +0 cloak (worn)
Jewellery
 j - a ring of flight
Wands
 f - a wand of flame (14)
Scrolls
 g - 2 scrolls of identify {!d}
 h - a scroll of silence {!r}
 Q - a scroll of fog
Potions
 i - a potion of lignification {unknown}


   Skills:
 * Level 3.5 Fighting
 - Level 2.6 Short Blades
 * Level 3.5 Throwing
 - Level 1.2 Dodging
 - Level 5.3 Stealth


You had 3 spell levels left.
You didn't know any spells.
Your spell library was empty.

Dungeon Overview and Level Annotations

Branches:
Dungeon (3/15)

Altars:


Innate Abilities, Weirdness & Mutations

You are small and have problems with some larger weapons.
You are completely attuned to the shadows.


Message History

You impale the bat!!
You kill the bat!
You now have 44 gold pieces (gained 6).
You now have 53 gold pieces (gained 9).
You see here a +0 leather armour.
i - a white potion
Found a stone staircase leading down.
A hobgoblin comes into view. 2 gnolls come into view.
The helpless hobgoblin fails to defend itself.
You impale the hobgoblin!!
You kill the hobgoblin!
A gnoll comes into view. It is wielding a +0 spear.
The gnoll shouts! x2
You throw a poisoned dart.
The poisoned dart completely misses the gnoll.
The poisoned dart hits the gnoll.
You throw a poisoned dart.
The poisoned dart closely misses the gnoll. x2
You throw a poisoned dart.
The poisoned dart barely misses the gnoll.
The gnoll closely misses you. The gnoll barely misses you.
The gnoll closely misses you.
The gnoll throws a throwing net.
The throwing net hits you.
You become entangled in the net!
You see here a throwing net {!f}.
You struggle against the net.
The gnoll hits you with a +0 flail. The gnoll closely misses you.
You struggle against the net.
The gnoll hits you but does no damage. The gnoll hits you with a +0 club.
The gnoll barely misses you.
You struggle against the net.
The gnoll hits you but does no damage. The gnoll hits you with a +0 club.
The gnoll hits you from afar with a +0 spear.
You struggle against the net.
The gnoll misses you. The gnoll barely misses you.
The gnoll hits you but does no damage.
You rip the net and break free!
The gnoll hits you with a +0 flail.
* * * LOW HITPOINT WARNING * * *
The gnoll closely misses you.
The gnoll hits you from afar with a +0 spear.
You die...

#.# #.# #.# #.#
#.# #.# #.# #...(#
#.# #.##.# #(..(#
#.# #.##.####
#....# #.#
#.##..[.# #...g#
#.# #.##....#
#...g###.#
........+
....g@..>#
#[##....#
#....###.#
#.##.#### #....#
#.# ..##.# #....#
#[# ####.# .... .#
######
.....#############


You could see 3 gnolls.

Vanquished Creatures
  A dart slug (D:1)
  An orc (D:3)
  5 ball pythons
  6 bats
  2 endoplasms (D:1)
  A giant cockroach (D:3)
  4 goblins
  5 hobgoblins
  6 jackals (D:1)
  3 kobolds
  3 quokkas (D:1)
  4 frilled lizards
  6 rats
47 creatures vanquished.

Notes
Turn   | Place    | Note
-------+----------+-------------------------------------------
     0 | D:1      | buhh the Kobold Brigand began the quest for the Orb.
     0 | D:1      | Reached XP level 1. HP: 12/12 MP: 1/1
    77 | D:1      | Reached XP level 2. HP: 18/18 MP: 2/2
   686 | D:1      | Reached XP level 3. HP: 23/23 MP: 3/3
   733 | D:1      | You fall into a shaft and drop 1 floor!
   764 | D:2      | Found a faded altar of an unknown god.
  2075 | D:3      | Reached XP level 4. HP: 13/28 MP: 4/4
  2585 | D:3      | Slain by a gnoll

Illustrated notes

Levels and vault maps discovered:
D:1:      grunt_arrival_crossed_arrows, layout_basic, skrybe_limestone_x
D:2:      layout_rooms, dreamdust_ecumenical_altar_grove
D:3:      layout_basic

Skill      XL: |  1  2 |
---------------+-------+-----
Fighting       | 3 |  3.5
Throwing       | 3 |  3.5
Short Blades   | |  2.6
Dodging        | |  1.2
Stealth        | |  5.3

Action                   |  1- 3 |  4- 6 || total
-------------------------+-------+-------++-------
Melee: Dagger            |   136 |     3 ||   139
       Punch             |     2 |       ||     2
Throw: Dart              |     2 |     6 ||     8
  Use: Scroll            |     2 |       ||     2
       Potion            |     1 |       ||     1
 Stab: Sleeping          |    16 |     2 ||    18
Armor: Robe              |    17 |     3 ||    20
Dodge: Dodged            |    82 |     8 ||    90
